 Dungeon Crawl Stone Soup version 0.28.0 (webtiles) character file.

Game seed: 11641247488297364745

5698 a3don the Chiller (level 10, -5/60 HPs)
             Began as a Gargoyle Ice Elementalist on Feb 15, 2022.
             Was a Believer of Vehumet.
             Shot with an arrow by a centaur warrior (21 damage)
             ... on level 8 of the Dungeon.
             The game lasted 00:26:28 (12811 turns).

a3don the Chiller (Gargoyle Ice Elementalist)      Turns: 12811, Time: 00:26:28

Health: -5/60      AC: 10    Str: 15    XL:     10   Next: 76%
Magic:  11/18      EV: 13    Int: 22    God:    Vehumet [**....]
Gold:   281        SH:  5    Dex: 10    Spells: 7/20 levels left

rFire   . . .      SeeInvis .   a - +1 dagger (venom)
rCold   . . .      Faith    .   (no shield)
rNeg    + + .      Spirit   .   m - +0 robe
rPois   ∞          Reflect  +   I - +0 helmet
rElec   +          Harm     .   (no cloak)
rCorr   .          Rampage  .   (no gloves)
Will    .....                   (no boots)
Stlth   +++.......              L - amulet of reflection
HPRegen 0.20/turn               O - ring "Susko" {Wiz Str+3 Int+2}
MPRegen 0.16/turn               u - ring of positive energy

@: studying Axes
A: sickness immunity, AC +7, negative energy resistance 1, electricity
resistance, torment resistance 1, petrification resistance
a: Renounce Religion


You were on level 8 of the Dungeon.
You worshipped Vehumet.
Vehumet was pleased with you.
You visited 2 branches of the dungeon, and saw 9 of its levels.
You also visited: Sewer.

You collected 413 gold pieces.
You spent 132 gold pieces at shops.

Inventory:

Hand Weapons
 a - a +1 dagger of venom (weapon)
 b - a +0 flail of holy wrath
 C - a +2 mace of protection
 G - a +1 whip of freezing
 S - a +2 dagger of holy wrath
 U - a +2 whip of venom
 W - a +2 mace of draining
Missiles
 M - 13 poisoned darts
 P - a throwing net
 T - a curare-tipped dart
 X - 2 boomerangs
Armour
 m - a +0 robe (worn)
 q - a +0 kite shield
 A - a +1 scale mail of cold resistance
 I - a +0 helmet (worn)
Jewellery
 u - a ring of positive energy (right hand)
 L - an amulet of reflection (around neck)
 O - the ring "Susko" (left hand) {Wiz Str+3 Int+2}
   (You found it on level 6 of the Dungeon)

   [ring of wizardry]

   It improves your spell success rate.
   Str:       It affects your strength (+3).
   Int:       It affects your intelligence (+2).
 Q - the ring "Murghienk" {Drain rF- rC++ Will+ rCorr}
   (You found it on level 6 of the Dungeon)

   [ring of resist corrosion]

   rF:        It makes you vulnerable to fire.
   rC:        It greatly protects you from cold.
   rCorr:     It protects you from acid and corrosion.
   Drain:     It drains your maximum health when unequipped.
   Will:      It increases your willpower.
 V - an amulet of regeneration
Wands
 c - a wand of paralysis (11)
 w - a wand of iceblast (7)
 y - a wand of mindburst (23)
 F - a wand of digging (2)
Scrolls
 g - a scroll of torment {unknown}
 h - 3 scrolls of identify {unknown}
 k - 5 scrolls of fog {unknown}
 l - 2 scrolls of amnesia {unknown}
 o - 2 scrolls of blinking {unknown}
 p - 3 scrolls of immolation {unknown}
 s - a scroll of acquirement {unknown}
 z - a scroll of noise {unknown}
 B - 2 scrolls of teleportation {unknown}
 D - 2 scrolls of summoning {unknown}
 E - 3 scrolls of enchant weapon {unknown}
 H - 2 scrolls of magic mapping {unknown}
 J - 2 scrolls of vulnerability {unknown}
 K - a scroll of brand weapon {unknown}
 N - 2 scrolls of enchant armour {unknown}
Potions
 d - a potion of curing
 e - 3 potions of mutation {unknown}
 f - a potion of lignification {unknown}
 i - a potion of attraction {unknown}
 j - 2 potions of haste {unknown}
 n - a potion of cancellation {unknown}
 r - a potion of resistance {unknown}
 t - a potion of invisibility
 v - 3 potions of might {unknown}
 x - 2 potions of degeneration {unknown}
 R - a potion of brilliance {unknown}


   Skills:
 + Level 5.8 Fighting
 - Level 3.6 Short Blades
 + Level 3.1(3.6) Axes
 + Level 3.0(3.8) Maces & Flails
 + Level 4.9 Dodging
 + Level 7.2 Stealth
 + Level 5.6 Spellcasting
 + Level 3.5 Conjurations
 + Level 3.2 Fire Magic
 + Level 7.2 Ice Magic
 + Level 2.5 Air Magic
 + Level 3.1 Poison Magic


You had 7 spell levels left.
You knew the following spells:

 Your Spells              Type           Power      Damage    Failure   Level
a - Freeze                Ice            100%       1d11      1%          1
b - Frozen Ramparts       Ice            76%        1d9       1%          3
c - Ozocubu's Armour      Ice            38%        N/A       1%          3
d - Poisonous Vapours     Pois/Air       36%        N/A       1%          2
e - Foxfire               Conj/Fire      84%        2x1d8     1%          1
f - Mephitic Cloud        Conj/Pois/Air  19%        N/A       3%          3

Your spell library contained the following spells:

 Spells                   Type           Power      Damage    Failure   Level
 Inner Flame              Hex/Fire       13%        N/A       6%          3
 Corpse Rot               Necr/Air       22%        N/A       3%          2
 Animate Skeleton         Necr           12%        N/A       4%          1
 Apportation              Tloc           12%        N/A       4%          1
 Summon Small Mammal      Summ           24%        N/A       4%          1
 Hailstorm                Conj/Ice       29%        3d8       4%          4
 Metabolic Englaciation   Hex/Ice        11%        N/A       24%         5
 Cause Fear               Hex            3%         N/A       34%         4
 Summon Mana Viper        Hex/Summ       6%         N/A       69%         5
 Simulacrum               Ice/Necr       11%        N/A       75%         6
 Starburst                Conj/Fire      10%        6d5       78%         6
 Conjure Ball Lightning   Conj/Air       9%         3x3d6     82%         6
 Dragon Form              Tmut           3%         N/A       100%        7
 Discord                  Hex            3%         N/A       100%        8
 Disjunction              Tloc           3%         N/A       100%        8
 Dragon's Call            Summ           3%         N/A       100%        9


Dungeon Overview and Level Annotations

Branches:
Dungeon (8/15)             Temple (1/1) D:4           Sewer (visited)
   Lair: D:8-11

Altars:
Cheibriados
Dithmenos
Elyvilon
Fedhas
Gozag
Hepliaklqana
Kikubaaqudgha
Makhleb
Nemelex Xobeh
Okawaru
Qazlal
Ru
Sif Muna
Trog
Uskayaw
Vehumet
Wu Jian
Xom
Yredelemnul
The Shining One

Shops:
D:4 [   D:6 :

Annotations:
D:7 1 runed translucent door, Selrock's ghost, novice SpCj


Innate Abilities, Weirdness & Mutations

You are immune to sickness and miasma.
Your stone body is resilient. (AC +7)
You are immune to poison.
You resist negative energy. (rN+)
You are resistant to electric shocks. (rElec)
You are resistant to unholy torment.
You are immune to petrification.


Message History

Poisonous vapours surround the gnoll!
The gnoll is poisoned.
The gnoll shouts!
Casting: Poisonous Vapours (safe; 1% risk of failure)
Confirm with . or Enter, or press ? or * to list all spells.
Aiming: Poisonous Vapours (safe; 1% risk of failure)
Press: ? - help, Dir - move target, f/p - gnoll
Aim: a gnoll, wielding a +0 halberd (lightly wounded, poisoned) Poisonous vapours surround the gnoll!
The gnoll looks even sicker.
A centaur warrior comes into view.
The centaur warrior moves out of view.
Casting: Poisonous Vapours (safe; 1% risk of failure)
Confirm with . or Enter, or press ? or * to list all spells.
Aiming: Poisonous Vapours (safe; 1% risk of failure)
Press: ? - help, Dir - move target, f/p - gnoll
Aim: a gnoll, wielding a +0 halberd (almost dead, very poisoned) Poisonous vapours surround the gnoll!
The gnoll looks even sicker.
You kill the gnoll!
Vehumet accepts your kill.
A centaur warrior is nearby!
Casting: Poisonous Vapours (safe; 1% risk of failure)
Confirm with . or Enter, or press ? or * to list all spells.
Aiming: Poisonous Vapours (safe; 1% risk of failure)
Press: ? - help, Dir - move target, f - centaur warrior
Aim: a centaur warrior, quivering arrows (wandering, hasn't noticed you) Poisonous vapours surround the centaur warrior!
The centaur warrior is poisoned.
The centaur warrior shouts!
The centaur warrior wields a +0 longbow.
The centaur warrior shoots an arrow.
The arrow hits you!!
Casting: Poisonous Vapours (safe; 1% risk of failure)
Confirm with . or Enter, or press ? or * to list all spells.
Aiming: Poisonous Vapours (safe; 1% risk of failure)
Press: ? - help, Dir - move target, f/p - centaur warrior
Aim: a centaur warrior, wielding a +0 longbow and quivering arrows (lightly wounded, poisoned) Poisonous vapours surround the centaur warrior!
The centaur warrior looks even sicker.
The centaur warrior shoots an arrow.
The arrow hits you!!
* * * LOW HITPOINT WARNING * * *
The centaur warrior shoots an arrow.
The arrow hits you!!
You die...

###### #######....#
...........####
..........c...#######...
..........).....@.......
...........##.##########
......$######.# .......#
#.# .......# #.#
.......# #.. .......#
##. ....[..# .


You could see a centaur warrior (very poisoned).

Vanquished Creatures
  A hydra (D:8)
  Pikel (D:4)
  Sigmund (D:3)
  2 wyverns
  2 steam dragons
  Edmund (D:5)
  A hornet zombie (D:5)
  2 ice beasts
  3 orc warriors (D:7)
  A black bear (D:6)
  A sky beast (D:5)
  2 necrophages
  4 centaurs
  3 ogres
  4 kobold brigands
  2 lemures (D:4)
  A gnoll sergeant (D:7)
  A water moccasin zombie (D:5)
  3 scorpions
  A water moccasin skeleton (D:5)
  3 wights (D:7)
  A howler monkey (D:6)
  2 centaur zombies
  A jelly (D:6)
  8 hounds
  7 orc priests
  A centaur skeleton (D:5)
  2 gnoll shamans
  A bullfrog skeleton (D:5)
  3 iguanas
  Ijyb (D:3)
  Terence (D:3)
  2 orc wizards
  A hound zombie (D:5)
  Robin (D:2)
  15 gnolls
  15 adders
  2 river rats (Sewer)
  2 white imps
  7 worms
  3 dart slugs
  21 orcs
  8 endoplasms
  4 giant cockroaches
  12 goblins
  13 hobgoblins
  A jackal (D:1)
  7 kobolds
  2 quokkas
  7 ball pythons
  4 bats
  17 rats
212 creatures vanquished.

Vanquished Creatures (others)
  68 foxfires
  3 plants (D:2)
71 creatures vanquished.

Grand Total: 283 creatures vanquished

Notes
Turn   | Place    | Note
-------+----------+-------------------------------------------
     0 | D:1      | a3don the Gargoyle Ice Elementalist began the quest for the
                  | Orb.
     0 | D:1      | Reached XP level 1. HP: 10/10 MP: 3/3
   347 | D:1      | Reached XP level 2. HP: 9/15 MP: 5/5
   978 | D:1      | You fall into a shaft and drop 1 floor!
  1000 | D:2      | Reached XP level 3. HP: 14/19 MP: 3/6
  1004 | D:2      | Learned a level 3 spell: Frozen Ramparts
  1289 | D:2      | Noticed Robin
  1599 | D:2      | Reached XP level 4. HP: 15/24 MP: 7/7
  2169 | D:2      | Killed Robin
  2170 | D:2      | Reached XP level 5. HP: 12/28 MP: 3/9
  2369 | D:2      | Reached skill level 1 in Fighting
  2575 | D:3      | Reached skill level 1 in Short Blades
  2768 | D:3      | Noticed Sigmund
  2776 | D:3      | Killed Sigmund
  2777 | D:3      | Reached skill level 5 in Ice Magic
  2777 | D:3      | Reached XP level 6. HP: 28/35 MP: 3/10
  3005 | D:3      | Noticed Ijyb
  3015 | D:3      | Killed Ijyb
  3279 | D:3      | Noticed Terence
  3295 | D:3      | Killed Terence
  3387 | D:3      | Reached XP level 7. HP: 40/40 MP: 10/12
  4010 | D:4      | Found a staircase to the Ecumenical Temple.
  4065 | D:4      | Learned a level 3 spell: Ozocubu's Armour
  4227 | D:4      | Noticed Pikel
  4249 | D:4      | Killed Pikel
  4250 | D:4      | Reached skill level 5 in Stealth
  4250 | D:4      | Reached XP level 8. HP: 25/48 MP: 8/14
  4506 | D:4      | Found Syag's Armour Shop.
  4570 | D:4      | Got the Collected Works on Fetching Heat
  4987 | Temple   | Entered the Ecumenical Temple
  5230 | Temple   | Became a worshipper of Vehumet
  5269 | D:5      | Entered Level 5 of the Dungeon
  5874 | D:5      | Noticed Edmund
  5920 | D:5      | Killed Edmund
  6195 | D:5      | Reached XP level 9. HP: 21/52 MP: 9/15
  6384 | D:5      | Learned a level 2 spell: Poisonous Vapours
  6386 | D:5      | Learned a level 1 spell: Foxfire
  6889 | D:5      | Reached skill level 1 in Conjurations
  6889 | D:5      | Reached skill level 1 in Fire Magic
  6905 | D:5      | Reached skill level 1 in Poison Magic
  7408 | D:6      | Reached skill level 1 in Maces & Flails
  7408 | D:6      | Reached skill level 1 in Air Magic
  7466 | D:6      | Found a glowing drain.
  7488 | Sewer    | Entered a sewer
  7611 | Sewer    | Reached * piety under Vehumet
  7611 | Sewer    | Offered knowledge of Shock by Vehumet.
  8607 | D:6      | Reached skill level 5 in Spellcasting
  8658 | D:6      | Identified the ring "Susko" {Wiz Str+3 Int+2}
  8725 | D:6      | Reached skill level 5 in Fighting
  8867 | D:6      | Identified the ring "Murghienk" {Drain rF- rC++ Will+
                  | rCorr}
  9118 | D:6      | Found Rexekk's Book Emporium.
  9128 | D:6      | Bought the Reference Book on Fiery Combat Magic for 132
                  | gold pieces
  9132 | D:6      | Learned a level 3 spell: Mephitic Cloud
  9421 | D:6      | Reached skill level 1 in Axes
  9421 | D:6      | Reached XP level 10. HP: 28/59 MP: 17/17
  9892 | D:7      | Offered knowledge of Searing Ray by Vehumet.
  9896 | D:7      | Reached ** piety under Vehumet
 10453 | D:7      | Found a runed translucent door.
 10453 | D:7      | Found a shimmering altar of Xom.
 10453 | D:7      | Noticed a +1 flail of chaos
 10453 | D:7      | Noticed Selrock's ghost (novice SpCj)
 11580 | D:7      | Offered knowledge of Inner Flame by Vehumet.
 12039 | D:8      | Noticed a four-headed hydra
 12233 | D:8      | Killed a four-headed hydra
 12795 | D:8      | Noticed a centaur warrior
 12811 | D:8      | Shot with an arrow by a centaur warrior

Illustrated notes

Levels and vault maps discovered:
D:1:      scummos_arrival_hexagon, layout_basic, serial_curves, eino_curves_02,
          eino_curves_01, eino_curves_01, hangedman_decor_peaks_small,
          minmay_tromino_v4_a
D:2:      layout_loops_ring, serial_forest, infiniplex_forest_straight_2,
          infiniplex_forest_join, infiniplex_forest_clump_diagonal,
          infiniplex_forest_clump_curved, infiniplex_forest_end_2,
          infiniplex_forest_clump_tiny, infiniplex_forest_clump_long,
          minmay_parallelograms, uniq_robin
D:3:      layout_loops_ring, uniq_terence, uniq_sigmund, uniq_ijyb
D:4:      layout_loops_ring, minmay_temple_entry_junction_2, serial_shops,
          shop_statue, uniq_pikel
D:5:      minmay_recursive_quarters, layout_cave_pools, uniq_edmund
D:6:      layout_loops_corners, serial_shops, shop, portal_sewer_entry_b,
          hangedman_glass_teeth, minmay_manual_mares
D:7:      layout_basic, ebering_ghost_xom, enter_ossuary_5
D:8:      minmay_bubble_buster, layout_basic, lemuel_coloured_pillars_altar
Temple:   mainiacjoe_temple_bowtie_tessellation

Skill      XL: |  1  2  3  4  5  6  7  8  9 10 |
---------------+-------------------------------+-----
Dodging        | 2 3 4 |  4.9
Stealth        | 3 4 5 6 7 |  7.2
Fighting       | 2 3 4 5 |  5.8
Short Blades   | 1 2 3 |  3.6
Spellcasting   | 3 4 5 |  5.6
Ice Magic      | 5 6 7 |  7.2
Conjurations   | 2 3 |  3.5
Fire Magic     | 2 3 |  3.2
Poison Magic   | 2 3 |  3.1
Maces & Flails | 2 3 |  3.0
Air Magic      | 1 2 |  2.5
Axes           | 1 3 |  3.1

Action                   |  1- 3 |  4- 6 |  7- 9 | 10-12 || total
-------------------------+-------+-------+-------+-------++-------
Melee: Dagger            |   135 |    58 |   262 |    58 ||   513
       Punch             |       |       |     6 |     2 ||     8
       Flail             |       |       |    39 |     2 ||    41
 Cast: Freeze            |    13 |     9 |    44 |    16 ||    82
       Frozen Ramparts   |     2 |     7 |    23 |    12 ||    44
       Poisonous Vapours |       |       |    19 |    50 ||    69
       Foxfire           |       |       |     5 |    33 ||    38
       Ozocubu's Armour  |       |       |       |     4 ||     4
       Mephitic Cloud    |       |       |       |     1 ||     1
  Use: Potion            |       |       |       |     1 ||     1
 Stab: Sleeping          |     2 |     6 |     8 |     1 ||    17
Armor: Robe              |    39 |    12 |   114 |    26 ||   191
Dodge: Dodged            |    87 |    39 |   201 |    44 ||   371
Block: Other             |       |       |    39 |    25 ||    64
       Reflection        |       |       |     3 |     1 ||     4
